 Dungeon Crawl Stone Soup version 0.22.1-1-ga44c0e56f4 (webtiles) character file.

299 Knicklaso the Sneak (level 6, -11/32 HPs)
             Began as a Kobold Enchanter on Oct 8, 2018.
             Mangled by Pikel
             ... wielding a +1 whip of electrocution
              (19 damage)
             ... on level 4 of the Dungeon on Oct 9, 2018.
             The game lasted 00:13:19 (5162 turns).

Knicklaso the Sneak (Kobold Enchanter)              Turns: 5162, Time: 00:13:19

Health: -11/32     AC:  2    Str:  5    XL:     6   Next: 63%
Magic:  9/11       EV: 15    Int: 19    God:
Gold:   116        SH:  0    Dex: 15    Spells: 5/11 levels left

rFire    . . .     SeeInvis .   a - +1 dagger
rCold    . . .     Gourm    .   (shield restricted)
rNeg     . . .     Faith    .   b - +0 robe
rPois    .         Spirit   .   (no helmet)
rElec    .         Reflect  .   (no cloak)
rCorr    .         Harm     .   (no gloves)
MR       .....                  (no boots)
Stlth    +++.......             (no amulet)
HPRegen  0.10/turn              (no ring)
MPRegen  0.12/turn              (no ring)

@: no status effects
A: small, carnivore
a: no special abilities


You were on level 4 of the Dungeon.
You were very full.

You visited 1 branch of the dungeon, and saw 4 of its levels.

You collected 116 gold pieces.

Inventory:

Hand Weapons
 a - a +1 dagger (weapon)
Armour
 b - a +0 robe (worn)
Scrolls
 c - a scroll of magic mapping {unknown}
 g - 2 scrolls of identify {unknown}
 h - 2 scrolls of remove curse {unknown}
 i - 2 scrolls of teleportation {unknown}
 j - a scroll of fear {unknown}
 k - a scroll of blinking {unknown}
 l - a scroll of amnesia {unknown}
Potions
 e - 3 potions of curing
 f - a potion of mutation {unknown}
 m - a potion of heal wounds {unknown}
 n - 2 potions of degeneration {unknown}
Comestibles
 d - 8 rations


   Skills:
 + Level 3.8 Short Blades
 - Level 2.4 Dodging
 + Level 5.6 Stealth
 + Level 3.4 Spellcasting
 * Level 4.9 Hexes


You had 5 spell levels left.
You knew the following spells:

 Your Spells              Type           Power        Failure   Level  Hunger
a - Corona                Hex            ###....      1%          1    None
b - Ensorcelled Hibernat  Hex/Ice        ##....       8%          2    ##.....
c - Confuse               Hex            ###.....     6%          3    ###....

Your spell library contained the following spells:

 Spells                   Type           Power        Failure   Level  Hunger
 Tukima's Dance           Hex            ###.....     6%          3    ###....
 Dazzling Spray           Conj/Hex       ##....       16%         3    ###....


Dungeon Overview and Level Annotations

Branches:
Dungeon (4/15)
 Temple: D:4-7

Altars:
Ashenzari
Elyvilon
Gozag
Qazlal
Trog
Vehumet
Xom
Zin
The Shining One

Annotations:
D:4 Pikel


Innate Abilities, Weirdness & Mutations

You are small and have problems with some larger weapons.
You are carnivorous and can eat meat at any time.


Message History

Pikel zaps a wand.
You are blasted!
* * * LOW HITPOINT WARNING * * *
Pikel cracks his whip.
A slave comes into view.
Things that are here:
an animal skin; a human skeleton
Casting: Ensorcelled Hibernation (safe; 8% risk of failure)
Confirm with . or Enter, or press ? or * to list all spells.
Aiming: Ensorcelled Hibernation (safe; 8% risk of failure)
Press: ? - help, Shift-Dir - straight line, f - Pikel
Aim: Pikel, wielding a whip of electrocution, wearing a robe and carrying a Pikel looks drowsy...
Pikel shouts!
You hear a shout!
You completely miss Pikel.
Pikel hits you with a whip of electrocution.
* * * LOW HITPOINT WARNING * * *
You closely miss Pikel. Pikel hits you but does no damage.
You are electrocuted!
Ouch! That really hurt!
You die...

#K####### #...#
#.### #####[#
#...#.####
#.#.#....####
#####...##....#
#8..#....pK...#
#_........@...#
#8..#.........#
###########...#
#####


You could see Pikel and a slave.

Vanquished Creatures
  A slave (D:4)
  A hound (D:4)
  An orc priest (D:3)
  Jessica (D:3)
  An iguana (D:4)
  2 worker ants (D:4)
  A howler monkey skeleton (D:4)
  4 adders
  2 oozes
  2 dart slugs
  2 leopard geckos
  11 orcs
  9 bats
  2 giant cockroaches (D:3)
  4 goblins
  7 hobgoblins
  8 jackals
  8 kobolds
  A ball python (D:2)
  2 frilled lizards (D:2)
  9 rats
79 creatures vanquished.

Notes
Turn   | Place    | Note
-------+----------+-------------------------------------------
     0 | D:1      | Knicklaso the Kobold Enchanter began the quest for the Orb.
     0 | D:1      | Reached XP level 1. HP: 10/10 MP: 3/3
   149 | D:1      | Reached XP level 2. HP: 15/15 MP: 5/5
   868 | D:1      | Reached XP level 3. HP: 19/19 MP: 6/6
  1451 | D:2      | Learned a level 2 spell: Ensorcelled Hibernation
  1455 | D:2      | Learned a level 3 spell: Confuse
  1508 | D:2      | Reached XP level 4. HP: 24/24 MP: 7/7
  1655 | D:2      | Found a white marble altar of Elyvilon.
  2301 | D:2      | Found a glowing silver altar of Zin.
  2304 | D:2      | Found a glowing golden altar of the Shining One.
  2447 | D:3      | Reached skill level 5 in Stealth
  2447 | D:3      | Reached XP level 5. HP: 22/28 MP: 6/9
  2728 | D:3      | Noticed Jessica
  2734 | D:3      | Killed Jessica
  3102 | D:3      | Found a shimmering altar of Xom.
  3224 | D:3      | Found a bloodstained altar of Trog.
  4079 | D:3      | Found a shattered altar of Ashenzari.
  4079 | D:3      | Found a radiant altar of Vehumet.
  4084 | D:3      | Found a faded altar of an unknown god.
  4086 | D:3      | Found a bloodstained altar of Trog.
  4087 | D:3      | Found a stormy altar of Qazlal.
  4148 | D:4      | Noticed a phantom
  4435 | D:4      | Reached XP level 6. HP: 18/32 MP: 3/10
  4754 | D:4      | Noticed a slave
  4979 | D:4      | Found an opulent altar of Gozag.
  5023 | D:4      | Noticed a slave
  5054 | D:4      | Killed a slave
  5058 | D:4      | Noticed a slave
  5138 | D:4      | Noticed Pikel
  5143 | D:4      | Noticed a slave
  5162 | D:4      | Mangled by Pikel

Skill      XL: |  1  2  3  4  5 |
---------------+----------------+-----
Short Blades   | 2 3 |  3.8
Hexes          | 4 |  4.9
Stealth        | 5 |  5.6
Spellcasting   | 3 |  3.4
Dodging        | |  2.4

Action                   |  1- 3 |  4- 6 || total
-------------------------+-------+-------++-------
Melee: Dagger            |   113 |   269 ||   382
 Cast: Corona            |     1 |     5 ||     6
       Ensorcelled Hiber |       |    36 ||    36
       Confuse           |       |     4 ||     4
  Use: Potion            |       |     2 ||     2
 Stab: Sleeping          |     9 |    28 ||    37
       Invisible         |       |     3 ||     3
       Confused          |       |     1 ||     1
  Eat: Chunk             |    10 |    13 ||    23
Armor: Robe              |    21 |    24 ||    45
Dodge: Dodged            |    89 |   201 ||   290
